 Dungeon Crawl Stone Soup version 0.30.1-9-gdf580d7c3d (webtiles) character file.

Game seed: 13550807589799776699

48183 Atelerd the Covert (level 14, -14/121 HPs)
             Began as an Octopode Earth Elementalist on Sept 25, 2023.
             Was a High Priest of Sif Muna.
             Demolished by an elephant (18 damage)
             ... on level 5 of the Lair of Beasts.
             The game lasted 00:53:48 (23245 turns).

Atelerd the Covert (Octopode Earth Elementalist)   Turns: 23245, Time: 00:53:48

Health: -14/121    AC:  2    Str:  7    XL:     14   Next: 45%
Magic:  20/39      EV: 19    Int: 20    God:    Sif Muna [*****.]
Gold:   1011       SH:  0    Dex: 21    Spells: 21/37 levels left

rFire   + . .        q - +7 hammer "Hego" {venom, rElec Will+ Int-2 Dex+5}
rCold   . . .        (no shield)
rNeg    + . .        P - +1 hat {Int+3}
rPois   +            F - amulet of the acrobat
rElec   +            c - +4 ring of slaying
rCorr   .            f - ring of magical power
SInv    +            x - ring of protection from fire
Will    ++...        G - ring of positive energy Stlth
                     (no ring)
HPRegen 0.40/turn    (no ring)
MPRegen 0.26/turn    (no ring)
                     (no ring)

%: acrobat, clarity
@: berserking, very quick
A: almost no armour, amphibious, 8 rings, camouflage 1, gelatinous body 1,
(nimble swimmer 1), tentacles, see invisible, clarity, poison resistance, noise
suppression
a: Renounce Religion, Channel Magic, Forget Spell, Divine Exegesis


You were on level 5 of the Lair of Beasts.
You worshipped Sif Muna.
Sif Muna was extremely pleased with you.
You visited 3 branches of the dungeon, and saw 18 of its levels.
You also visited: Ossuary.

You collected 1157 gold pieces.
You spent 146 gold pieces at shops.

Inventory:

Hand Weapons
 q - the +7 hammer "Hego" (weapon) {venom, rElec Will+ Int-2 Dex+5}
   (You found it on level 2 of the Dungeon)

   Int:       It affects your intelligence (-2).
   Dex:       It affects your dexterity (+5).
   rElec:     It insulates you from electricity.
   Will:      It increases your willpower.
 s - a +0 dagger of speed
Armour
 P - a +1 hat of intelligence (worn)
Jewellery
 c - a +4 ring of slaying (left tentacle)
 f - a ring of magical power (right tentacle)
 x - a ring of protection from fire (on tentacle)
 F - an amulet of the acrobat (around mantle)
 G - a ring of positive energy (on tentacle)
 Q - a ring of ice
Wands
 e - a wand of digging (13)
 w - a wand of flame (63)
 A - a wand of polymorph (18)
 K - a wand of paralysis (5)
 L - a wand of iceblast (9)
Scrolls
 d - 8 scrolls of magic mapping
 i - 8 scrolls of poison
 j - 2 scrolls of amnesia
 k - 5 scrolls of enchant armour
 m - 8 scrolls of teleportation
 o - 2 scrolls of noise
 r - 3 scrolls of fog
 u - 5 scrolls of blinking
 v - a scroll of vulnerability
 y - 4 scrolls of immolation
 z - 2 scrolls of summoning
 C - a scroll of brand weapon
 N - a scroll of silence
 O - a scroll of identify
Potions
 a - 4 potions of magic
 b - 4 potions of brilliance
 h - 11 potions of curing
 l - 3 potions of haste
 n - a potion of ambrosia
 p - 3 potions of attraction
 B - a potion of lignification
 D - a potion of flight
 E - 2 potions of invisibility
 H - 3 potions of might
 I - 2 potions of degeneration
 J - 4 potions of mutation
 M - a potion of resistance {unknown}
Miscellaneous
 g - a phantom mirror


   Skills:
 - Level 2.0 Fighting
 - Level 3.2(4.0) Short Blades
 - Level 3.4(4.1) Long Blades
 - Level 2.7 Maces & Flails
 + Level 7.9 Dodging
 + Level 12.9 Stealth
 + Level 12.4 Spellcasting
 - Level 4.0 Conjurations
 - Level 4.0 Transmutations
 - Level 4.0 Ice Magic
 - Level 10.0 Air Magic
 - Level 10.0 Earth Magic
 + Level 7.2 Invocations


You had 21 spell levels left.
You knew the following spells:

 Your Spells              Type           Power      Damage    Failure   Level
a - Sandblast             Erth           100%       2d20      1%          1
b - Conjure Ball Lightni  Conj/Air       20%        3x3d6     43%         6
p - Petrify               Tmut/Erth      40%        N/A       3%          4
u - Freezing Cloud        Conj/Ice/Air   18%        6-21      13%         5

Your spell library contained the following spells:

 Spells                   Type           Power      Damage    Failure   Level
 Cigotuvi's Dreadful Rot  Necr/Pois/Air  50%        N/A       1%          2
 Passwall                 Tmut/Erth      33%        N/A       1%          2
 Stone Arrow              Conj/Erth      80%        3d12      1%          3
 Vhi's Electric Charge    Tloc/Air       64%        N/A       1%          3
 Summon Small Mammal      Summ           48%        N/A       5%          1
 Lesser Beckoning         Tloc           24%        N/A       9%          2
 Arcjolt                  Conj/Air       20%        1d30      9%          5
 Ignite Poison            Fire/Tmut/Pois 17%        N/A       10%         3
 Call Canine Familiar     Summ           12%        N/A       16%         3
 Gell's Gravitas          Tloc           12%        N/A       16%         3
 Summon Guardian Golem    Hex/Summ       12%        N/A       16%         3
 Teleport Other           Tloc           12%        N/A       16%         3
 Iskenderun's Battlesphe  Conj           28%        2d8       28%         5
 Fireball                 Conj/Fire      10%        3d6       54%         5
 Plasma Beam              Fire/Air       16%        2x1d30    71%         6
 Orb of Destruction       Conj           14%        9d7       100%        7
 Lehudib's Crystal Spear  Conj/Erth      20%        10d6      100%        8
 Animate Armour           Summ/Erth      Unusable   N/A       N/A         4

Dungeon Overview and Level Annotations

Branches:
Dungeon (12/15)            Temple (1/1) D:6            Lair (5/5) D:9
 Shoals (0/4) Lair:3       Spider (0/4) Lair:3        Slime (0/5) Lair:4
    Orc (0/2) D:9         Ossuary (visited)

Altars:
Ashenzari
Cheibriados
Dithmenos
Elyvilon
Gozag
Hepliaklqana
Kikubaaqudgha
Makhleb
Nemelex Xobeh
Okawaru
Qazlal
Ru
Sif Muna
Trog
Uskayaw
Vehumet
Wu Jian
Xom
Yredelemnul
Zin
The Shining One
Jiyva

Shops:
D:2 [([[=   D:6 (:[[[   D:11 [   D:12 ?*(?

Annotations:
D:1 exclusion: downstairs
D:9 2 transporters
D:12 Frances
Lair:2 exclusion: downstairs
Lair:3 2 runed translucent doors, exclusions: downstairs and oklob plant, chujev's ghost, journeyman MfVM


Innate Abilities, Weirdness & Mutations

You cannot wear most types of armour.
You are amphibious.
You can wear up to eight rings at the same time.
Your skin changes colour to match your surroundings (Stealth+).
Your rubbery body absorbs attacks. (AC +1, EV +1)
((You are camouflaged when in or above water. (Stealth+)))
You have tentacles for arms and can constrict up to eight enemies at once.
You have supernaturally acute eyesight. (SInv)
You possess an exceptional clarity of mind.
Your system is resistant to poisons. (rPois)
You passively dampen the noise of your surroundings.


Message History

You kill the elephant!
Sif Muna accepts your kill.
The elephant is engulfed in freezing vapours.
You kill the elephant!
Sif Muna accepts your kill.
Unknown command.
Unknown command.
Unknown command.
You barely miss the elephant. You squeeze the elephant.
The elephant is severely wounded.
The elephant is engulfed in freezing vapours. x2
Unknown command.
You hit the elephant.
The elephant is poisoned.
You squeeze the elephant, but do no damage.
The elephant is almost dead.
The elephant is engulfed in freezing vapours. x2
The elephant tramples you.
You hold your ground!
The elephant misses you. The elephant tramples you!
You stumble backwards!
The elephant is engulfed in freezing vapours.
You kill the elephant!
Sif Muna accepts your kill. The elephant tramples you!
You hold your ground!
The elephant trunk-slaps you.
* * * LOW HITPOINT WARNING * * *
Unknown command.
A red film seems to cover your vision as you go berserk!
You feel yourself moving faster!
You feel mighty! The elephant tramples you!
* * * LOW HITPOINT WARNING * * *
You hold your ground!
The elephant barely misses you. The elephant tramples you!
* * * LOW HITPOINT WARNING * * *
You hold your ground!
The elephant trunk-slaps you.
* * * LOW HITPOINT WARNING * * *
You bludgeon the elephant!!
You kill the elephant!
Sif Muna accepts your kill.
Unknown command.
You hit the elephant.
The elephant is poisoned.
The elephant is almost dead.
The elephant tramples you!!
You die...

#....††#...#.#.........
#..§§○°.......#.....#
##...§§○.#....####..##
#(.○§†○°##...## #.#..
##..§§§.....## #....
###.#☼§☼###.#.# #..#.
#.####.######## #####
...##...#.Y..# ##
......÷...@.## ##.
..###...#.### #.#
####### ###


You could see an elephant (very poisoned).

Vanquished Creatures
  Gastronok (Lair:1)
  Fannar (Lair:3)
  Josephine (Lair:4)
  A hydra (Lair:4)
  4 two-headed ogres
  2 boulder beetles
  A death yak (Lair:4)
  Pikel (D:5)
  An ugly thing (D:12)
  22 elephants
  5 black mambas
  A torpor snail (Lair:4)
  12 cane toads
  2 unseen horrors (D:10)
  10 komodo dragons
  A rime drake (Lair:3)
  3 trolls
  2 polar bears
  4 hornets
  Grinder (D:4)
  Prince Ribbit (D:5)
  21 blink frogs
  12 dream sheep
  Sigmund (D:4)
  A culicivora (shapeshifter) (D:11)
  51 yaks
  4 wyverns
  5 wraiths
  2 basilisks
  A redback (Lair:3)
  Edmund (D:5)
  Duvessa (D:5)
  8 water moccasins
  An acid dragon (D:9)
  3 orc warriors (D:9)
  4 black bears
  2 sky beasts (D:7)
  5 centaurs
  4 ogres
  4 wolves (Lair:1)
  13 bullfrogs
  Blork the orc (D:6)
  4 necrophages (Lair:2)
  A gnoll sergeant (D:10)
  8 scorpions
  3 wights (D:8)
  Dowan (D:5)
  4 killer bees (D:8)
  2 electric eels
  A howler monkey (D:12)
  A crimson imp (D:11)
  A centaur zombie (Ossuary)
  3 human zombies (Ossuary)
  A jelly (D:7)
  5 orc priests
  Crazy Yiuf (D:2)
  3 hounds
  A gnoll bouda (D:5)
  A sleepcap (D:7)
  5 scorpion zombies (Ossuary)
  4 iguanas
  8 orc wizards
  Terence (D:2)
  3 mummies (Ossuary)
  Robin (D:2)
  14 gnolls
  12 adders
  2 shadow imps
  3 white imps
  2 ufetubi
  2 worms
  33 orcs
  9 ball pythons
  9 endoplasms
  5 giant cockroaches
  A gnoll zombie (Ossuary)
  13 goblins
  12 hobgoblins
  6 jackals
  7 quokkas
  6 bats
  A goblin zombie (Ossuary)
  8 kobolds
  A kobold zombie (Ossuary)
  4 orc zombies (Ossuary)
  A rat (D:1)
  A spectral hobgoblin (D:2)
437 creatures vanquished.

Vanquished Creatures (collateral kills)
  A yak (Lair:3)
1 creature vanquished.

Grand Total: 438 creatures vanquished

Notes
Turn   | Place    | Note
-------+----------+-------------------------------------------
     0 | D:1      | Atelerd the Octopode Earth Elementalist began the quest for
                  | the Orb.
     0 | D:1      | Reached XP level 1. HP: 11/11 MP: 3/3
   262 | D:1      | Reached XP level 2. HP: 17/17 MP: 5/5
   736 | D:2      | Reached XP level 3. HP: 21/21 MP: 6/6
   859 | D:2      | Noticed Robin
   867 | D:2      | Killed Robin
   901 | D:2      | Found Qyijirph's Antique Armour Shoppe.
   906 | D:2      | Reached XP level 4. HP: 27/27 MP: 7/7
   922 | D:2      | Found Goviahol's Antique Weapon Shop.
   935 | D:2      | Found Irodexoj's Antique Armour Emporium.
  1010 | D:2      | Noticed Terence
  1113 | D:2      | Learned a level 4 spell: Petrify
  1142 | D:2      | Reached skill level 1 in Short Blades
  1166 | D:2      | Found Eschoito's Armour Shop.
  1287 | D:2      | Found Odeshrosk's Jewellery Boutique.
  1318 | D:2      | Gained mutation: You are resistant to electric shocks.
                  | (rElec) [potion of mutation]
  1318 | D:2      | Gained mutation: You passively map a small area around you.
                  | [potion of mutation]
  1349 | D:2      | Killed Terence
  1350 | D:2      | Reached XP level 5. HP: 32/32 MP: 9/9
  1481 | D:2      | Found a faded altar of an unknown god.
  1616 | D:2      | Found a runed translucent door.
  1617 | D:2      | Noticed Crazy Yiuf
  1746 | D:2      | Killed Crazy Yiuf
  1751 | D:2      | Identified the +7 hammer "Hego" {venom, rElec Will+ Int-2
                  | Dex+5}
  2163 | D:3      | Reached XP level 6. HP: 37/37 MP: 10/10
  2397 | D:3      | You fall into a shaft and drop 3 floors!
  2416 | D:6      | Reached skill level 1 in Long Blades
  2424 | D:5      | Entered Level 5 of the Dungeon
  2427 | D:5      | Reached skill level 1 in Fighting
  2427 | D:5      | Reached skill level 5 in Stealth
  2451 | D:5      | Reached skill level 1 in Maces & Flails
  2525 | D:5      | Noticed Edmund
  2623 | D:4      | Reached XP level 7. HP: 43/43 MP: 11/11
  2864 | D:4      | Noticed Grinder
  2882 | D:4      | Killed Grinder
  3504 | D:4      | Noticed Sigmund
  3661 | D:4      | Killed Sigmund
  3662 | D:4      | Reached XP level 8. HP: 47/50 MP: 14/14
  4488 | D:5      | Noticed Prince Ribbit
  4534 | D:5      | Killed Prince Ribbit
  4692 | D:5      | Reached skill level 5 in Earth Magic
  4750 | D:5      | Killed Edmund
  4895 | D:5      | Noticed Dowan
  4900 | D:5      | Noticed Duvessa
  5074 | D:5      | Reached skill level 5 in Spellcasting
  5098 | D:5      | Noticed Pikel
  5124 | D:5      | Killed Pikel
  5125 | D:5      | Reached XP level 9. HP: 48/54 MP: 14/17
  5689 | D:5      | Killed Duvessa
  5691 | D:5      | Killed Dowan
  6045 | D:5      | Lost mutation: You are resistant to electric shocks.
                  | (rElec) [potion of mutation]
  6045 | D:5      | Lost mutation: You passively map a small area around you.
                  | [potion of mutation]
  6045 | D:5      | Gained mutation: You are strong-willed. (Will+) [potion of
                  | mutation]
  6045 | D:5      | Gained mutation: You sometimes lose your temper in combat.
                  | [potion of mutation]
  6045 | D:5      | Gained mutation: Your muscles are strong. (Str +4, Int/Dex
                  | -1) [potion of mutation]
  6046 | D:5      | Lost mutation: Your muscles are strong. (Str +4, Int/Dex
                  | -1) [potion of mutation]
  6046 | D:5      | Lost mutation: You are strong-willed. (Will+) [potion of
                  | mutation]
  6046 | D:5      | Gained mutation: One of your tentacles bears a spike.
                  | [potion of mutation]
  6046 | D:5      | Gained mutation: You are partially covered in large bone
                  | plates. (SH +4) [potion of mutation]
  6047 | D:5      | Lost mutation: You sometimes lose your temper in combat.
                  | [potion of mutation]
  6047 | D:5      | Lost mutation: You are partially covered in large bone
                  | plates. (SH +4) [potion of mutation]
  6047 | D:5      | Lost mutation: One of your tentacles bears a spike. [potion
                  | of mutation]
  6047 | D:5      | Gained mutation: You are vulnerable to cold. (rC-) [potion
                  | of mutation]
  6048 | D:5      | Lost mutation: You are vulnerable to cold. (rC-) [potion of
                  | mutation]
  6048 | D:5      | Gained mutation: You occasionally shout uncontrollably at
                  | your foes. [potion of mutation]
  6489 | D:6      | Found Uzahudor's Armour Boutique.
  6517 | D:6      | Found Sawoh's Antique Armour Boutique.
  6569 | D:6      | Found Cien's Armour Boutique.
  6578 | D:6      | Noticed Blork the orc
  6584 | D:6      | Killed Blork the orc
  6640 | D:6      | Found Paigiups's Book Shop.
  6665 | D:6      | Found a staircase to the Ecumenical Temple.
  6687 | Temple   | Entered the Ecumenical Temple
  6753 | Temple   | Became a worshipper of Sif Muna the Loreminder
  6880 | D:6      | Found Ozeweuf's Weapon Shoppe.
  6928 | D:6      | Found an opulent altar of Gozag.
  6928 | D:6      | Found a stormy altar of Qazlal.
  6928 | D:6      | Found a sacrificial altar of Ru.
  6930 | D:6      | Reached skill level 5 in Dodging
  8070 | D:8      | Noticed a hornet
  8101 | D:8      | Killed a hornet
  8102 | D:8      | Reached XP level 10. HP: 60/60 MP: 21/21
  8113 | D:8      | Noticed a two-headed ogre
  8128 | D:8      | Killed a two-headed ogre
  8139 | D:8      | Found a sand-covered staircase.
  8144 | Ossuary  | Entered an ossuary
  8294 | Ossuary  | Reached * piety under Sif Muna
  8782 | Ossuary  | Lost mutation: You occasionally shout uncontrollably at
                  | your foes. [potion of mutation]
  8782 | Ossuary  | Gained mutation: You passively dampen the noise of your
                  | surroundings. [potion of mutation]
  8782 | Ossuary  | Gained mutation: You have supernaturally acute eyesight.
                  | (SInv) [potion of mutation]
  8782 | Ossuary  | Gained mutation: Your system is resistant to poisons.
                  | (rPois) [potion of mutation]
  8782 | Ossuary  | Gained mutation: You possess an exceptional clarity of
                  | mind. [potion of mutation]
  8917 | D:8      | HP: 3/60 [poisoned by a killer bee]
  9814 | D:9      | Reached skill level 1 in Invocations
  9826 | D:9      | Reached ** piety under Sif Muna
  9935 | D:9      | Found a staircase to the Orcish Mines.
 10040 | D:9      | Found a transporter.
 10133 | D:9      | Noticed a two-headed ogre
 10144 | D:9      | Killed a two-headed ogre
 10166 | D:9      | Reached skill level 10 in Spellcasting
 10166 | D:9      | Reached XP level 11. HP: 49/64 MP: 14/25
 10315 | D:9      | Identified the +4 leather armour of Kunaot {rN++ Str+3
                  | Dex-4}
 10530 | D:9      | Found a staircase to the Lair.
 10604 | D:9      | Found a transporter.
 10966 | D:10     | Entered Level 10 of the Dungeon
 11138 | D:10     | Noticed a two-headed ogre
 11148 | D:10     | Killed a two-headed ogre
 11364 | D:10     | Noticed a two-headed ogre
 11371 | D:10     | Killed a two-headed ogre
 12766 | D:12     | Found Ulooles's Magic Scroll Boutique.
 13027 | D:12     | Bought 3 scrolls of identify for 90 gold pieces
 13054 | D:12     | Found Qimaph's Antique Weapon Boutique.
 13120 | D:12     | Noticed Frances
 13153 | D:12     | Noticed a green ugly thing
 13172 | D:12     | Killed a green ugly thing
 13395 | D:12     | Found a bloodstained altar of Trog.
 13430 | D:12     | Found Hetepifi's Assorted Antiques.
 13450 | D:12     | Found Bulumub's Magic Scroll Shop.
 13460 | D:12     | Bought a scroll of fear for 56 gold pieces
 13486 | D:11     | Noticed a boulder beetle
 13497 | D:11     | Killed a boulder beetle
 14145 | D:11     | Learned a level 6 spell: Conjure Ball Lightning
 14178 | D:11     | Found Xivoug's Antique Armour Emporium.
 14424 | Lair:1   | Entered Level 1 of the Lair of Beasts
 14470 | Lair:1   | Reached skill level 1 in Air Magic
 14470 | Lair:1   | Reached XP level 12. HP: 54/70 MP: 28/28
 14484 | Lair:1   | Reached skill level 5 in Invocations
 14491 | Lair:1   | HP: 5/157 [yak (7)]
 14497 | Lair:1   | HP: 2/105 [polar bear (3)]
 14503 | Lair:1   | HP: 1/70 [black bear (6)]
 14956 | Lair:1   | Reached *** piety under Sif Muna
 15213 | Lair:1   | Noticed Gastronok
 15234 | Lair:1   | Killed Gastronok
 15516 | Lair:1   | Reached skill level 10 in Stealth
 15601 | Lair:1   | Reached skill level 5 in Air Magic
 15895 | Lair:1   | Identified the amulet "Akeoz" {Spirit rN+ Will+ Str+2}
 16528 | Lair:2   | Reached skill level 1 in Conjurations
 17008 | Lair:2   | You fall into a shaft and drop 1 floor!
 17129 | Lair:3   | Reached **** piety under Sif Muna
 17248 | Lair:3   | Reached XP level 13. HP: 63/74 MP: 27/29
 17290 | Lair:3   | Noticed Fannar
 17300 | Lair:3   | Killed Fannar
 17438 | Lair:3   | Found a large runed translucent door.
 17438 | Lair:3   | Found a large runed translucent door.
 17448 | Lair:3   | Noticed chujev's ghost (journeyman MfVM)
 17461 | Lair:3   | Found a shimmering blue altar of Sif Muna.
 17797 | Lair:3   | Found a hole to the Spider Nest.
 17871 | Lair:3   | Found a staircase to the Shoals.
 18996 | Lair:3   | Learned a level 5 spell: Freezing Cloud
 19242 | Lair:3   | Reached skill level 10 in Earth Magic
 19553 | Lair:2   | Reached skill level 1 in Ice Magic
 20594 | Lair:4   | Found a viscous altar of Jiyva.
 20595 | Lair:4   | Found a staircase to the Slime Pits.
 21374 | Lair:4   | Noticed Josephine
 21375 | Lair:4   | Reached XP level 14. HP: 81/81 MP: 14/30
 21391 | Lair:4   | Killed Josephine
 21392 | Lair:4   | Reached skill level 10 in Air Magic
 22388 | Lair:5   | Entered Level 5 of the Lair of Beasts
 22704 | Lair:5   | Reached ***** piety under Sif Muna
 23243 | Lair:5   | HP: 6/121 [elephant (14)]
 23245 | Lair:5   | Demolished by an elephant

Illustrated notes

Levels and vault maps discovered:
D:1:      dreamdust_arrival_sigmund_warning, layout_basic, serial_bayou_lake_a
D:2:      layout_loops_ring, dreamdust_ecumenical_altar_drowned_temple,
          serial_shops, shop, shop, shop, shop_statue, nicolae_shop_waterfront,
          uniq_crazy_yiuf_cottage, uniq_terence, uniq_robin
D:3:      layout_loops_corners
D:4:      layout_loops_corners, uniq_grinder, uniq_sigmund
D:5:      wander_river, layout_loops_corners, serial_co_window_serial,
          co_window_cross_1, co_window_corner_a, co_window_paths_a,
          co_window_corner_a, co_window_corner_a, co_window_of_opportunity_b,
          co_window_broadway_b, co_window_cross_4, co_window_4corner_a,
          co_window_paths_d, glass_columns_b, uniq_pikel, uniq_duvessa,
          uniq_prince_ribbit1, uniq_edmund
D:6:      layout_gridville, gammafunk_temple_overflow_claw,
          minmay_temple_entry_sparse_star, serial_shops, shop,
          kennysheep_little_box, nicolae_shop_hallway_stairs, shop, shop,
          uniq_blork_the_orc
D:7:      layout_gridville
D:8:      layout_basic, nicolae_ossuary_entry_false_entrances
D:9:      gammafunk_steamed_eel, layout_loops_ring, lair_entry_dummy,
          david_orc_3, minmay_misc_feat_square, hangedman_decor_points
D:10:     layout_layer_cave
D:11:     layout_small_grid, serial_shops, shop, minmay_fire_ice_demons
D:12:     layout_irregular_city, serial_shops, nicolae_stop_n_shop_2, shop,
          shop, nicolae_shop_crystal, bloody_trog, uniq_frances
Temple:   compressed_dpeg_triangle_lava_temple
Lair:1:   layout_cave_pods, grunt_megastairs_4, uniq_gastronok
Lair:2:   layout_regular_city, roderic_carrion_pond
Lair:3:   layout_cellular_growth, minmay_shoals_entry_centaurs,
          spider_nest_entry_webs, ebering_ghost_disaster_area,
          serial_bayou_pond_c, lemuel_oklob_altar, serial_bayou_shore_b,
          uniq_fannar
Lair:4:   layout_concentric_octagons, slime_entry_1, uniq_josephine
Lair:5:   grunt_lair_end_beastmaster, layout_loops_ring, grunt_megastairs_1,
          infiniplex_staircase_pool, serial_bayou_shore_a

Skill      XL: |  1  2  3  4  5  6  7  8  9 10 11 12 13 14 |
---------------+-------------------------------------------+-----
Stealth        | 3 4 5 6 7 8 12 | 12.9
Transmutations | 2 3 4 |  4.0
Short Blades   | 1 3 |  3.2
Spellcasting   | 3 4 5 7 10 12 | 12.4
Long Blades    | 1 2 3 |  3.4
Fighting       | 1 2 |  2.0
Maces & Flails | 1 2 |  2.7
Earth Magic    | 4 5 6 8 10 | 10.0
Dodging        | 3 5 6 7 |  7.9
Invocations    | 3 4 5 6 7 |  7.2
Air Magic      | 1 5 9 10 | 10.0
Conjurations   | 2 4 |  4.0
Ice Magic      | 4 |  4.0

Action                     |  1- 3 |  4- 6 |  7- 9 | 10-12 | 13-15 || total
---------------------------+-------+-------+-------+-------+-------++-------
  Melee: Short sword       |    29 |    18 |       |       |       ||    47
         Tentacles         |     4 |     8 |    21 |    64 |    22 ||   119
         Unarmed           |     1 |       |       |       |       ||     1
         Constrict         |     6 |    15 |    24 |    41 |    10 ||    96
         Mace              |       |    35 |    61 |    61 |    21 ||   178
         Dagger            |       |     1 |    31 |   180 |    64 ||   276
         Punch             |       |       |     1 |     3 |     1 ||     5
   Cast: Sandblast         |    23 |    35 |    76 |   166 |   151 ||   451
         Petrify           |       |     2 |    29 |   132 |    97 ||   260
         Freezing Cloud    |       |       |       |       |    43 ||    43
 Invoke: Channel Magic     |       |       |       |       |     2 ||     2
  Evoke: Wand              |       |       |       |     7 |     8 ||    15
         Phantom mirror    |       |       |       |       |     1 ||     1
    Use: Scroll            |       |     6 |     6 |    13 |     6 ||    31
         Potion            |       |     1 |     5 |    10 |     5 ||    21
   Stab: Sleeping          |     3 |     7 |    10 |    11 |     3 ||    34
         Petrified         |       |     9 |    27 |   111 |    40 ||   187
         Petrifying        |       |       |     2 |     6 |     3 ||    11
         Paralysed         |       |       |       |     4 |     1 ||     5
 Armour: Skin              |     4 |     3 |       |    46 |    38 ||    91
  Dodge: Dodged            |    20 |    63 |    60 |   183 |   134 ||   460
